 Dungeon Crawl Stone Soup version 0.15-a0-734-g2b8d6ef (console) character file.

283 Plastic the Cudgeler (level 6, -2/62 HPs)
             Began as an Ogre Fighter on May 11, 2014.
             Slain by Blork the orc
             ... wielding a +3,+5 mace of protection
              (5 damage)
             ... while paralysed by a potion of paralysis
             ... on Level 4 of the Dungeon.
             The game lasted 00:05:02 (911 turns).

Plastic the Cudgeler (Ogre Fighter)                  Turns: 911, Time: 00:05:02

HP  -2/62        AC  3     Str 22      XL: 6   Next: 28%
MP   6/6         EV  1     Int  7      God:
Gold 96          SH  0     Dex 11      Spells:  0 memorised,  5 levels left

rFire  . . .     SeeInvis .     a - +0 flail
rCold  . . .     Clarity  +     b - +0 robe
rNeg   . . .     Conserve .     c - +0 shield
rPois  .         rCorr    .     (helmet restricted)
rElec  .         rRot     .     (no cloak)
SustAb . .       Spirit   .     (gloves unavailable)
rMut   .         Warding  .     (boots unavailable)
Saprov + . .     Stasis   .     q - amulet of clarity
MR     .....                    (no ring)
                                (no ring)

@: paralysed, not resistant to hostile enchantments, very unstealthy
A: unfitting armour, fast metabolism 2, sense surroundings 1, saprovore 1, tough
skin 1
a: no special abilities


You were on level 4 of the Dungeon.
You were not hungry.

You visited 1 branch of the dungeon, and saw 5 of its levels.

You collected 96 gold pieces.

Inventory:

Hand weapons
 a - a +0,+0 flail (weapon)
 t - a +0,+1 great mace
Missiles
 n - 3 javelins (quivered)
Armour
 b - a +0 robe (worn)
 c - a +0 shield (worn)
Comestibles
 d - 2 meat rations
 g - a choko
 o - 2 bread rations
 s - a chunk of orc flesh
Scrolls
 f - 2 scrolls of remove curse {unknown}
 i - a scroll of noise {unknown}
 k - a scroll of fog {unknown}
 l - 2 scrolls of random uselessness {unknown}
 m - 2 scrolls of identify {unknown}
 r - a scroll of fear {unknown}
Jewellery
 q - an amulet of clarity (around neck)
Potions
 p - a potion of berserk rage {unknown}


   Skills:
 - Level 4.0 Fighting
 + Level 7.5 Maces & Flails
 - Level 3.0 Throwing
 - Level 2.6 Dodging
 - Level 2.6 Shields


You had 5 spell levels left.
You didn't know any spells.

Dungeon Overview and Level Annotations

Branches:
Dungeon (5/15)
 Temple: D:4-7

Altars:
Cheibriados

Annotations:
D:4 Blork the orc


Innate Abilities, Weirdness & Mutations

You are too large for most types of armour.
You have a very fast metabolism.
You can tolerate rotten meat.
You have tough skin (AC +1).
You passively map a small area around you.


Message History

Unknown command.
Drink which item? (? for menu, Esc to quit)
You feel extremely strange.
You feel a strange attunement to the structure of the dungeons.
You feel a little hungry.
It was a potion of mutation.
Blork the orc closely misses you.
Press: ? - help, v - describe, . - travel
Here: Blork the orc, wielding a glowing mace and wearing a robe (lightly wounded, moving very quickly)
The floor.
Unknown command.
Drink which item? (? for menu, Esc to quit)
You suddenly lose the ability to move!
It was a potion of paralysis.
Blork the orc screams, "I don't like you!"
Blork the orc gestures at you while chanting.
The magic dart hits you!
* * * LOW HITPOINT WARNING * * *
Blork the orc hits you with a glowing mace!
* * * LOW HITPOINT WARNING * * *
Blork the orc hits you with a glowing mace.
You die...

#################################
...........(..........%..........
.........................<.......
.............(...................
..................%.....<........
......g........o@................
.....g.....######################
......g..W># ...........#
...........# ...........#
...........# ...........#
..........#


You could see Blork the orc.

Vanquished Creatures
  The ghost of casual the Ducker, an average OpFi (D:4)
  A crimson imp (D:5)
  A gnoll (D:1)
  3 worms
  A giant gecko (D:3)
  3 orcs
  A bat skeleton (D:4)
  2 goblins
  5 hobgoblins
  3 jackals (D:5)
  A quokka (D:2)
  2 ball pythons
  4 bats
  3 giant newts
  3 kobolds
  3 rats
37 creatures vanquished.

Notes
Turn   | Place    | Note
--------------------------------------------------------------
     0 | D:1      | Plastic, the Ogre Fighter, began the quest for the Orb.
     0 | D:1      | Reached XP level 1. HP: 24/24 MP: 1/1
     6 | D:1      | Noticed a black bear
     6 | D:1      | Noticed a killer bee
     6 | D:1      | Noticed a crocodile
     6 | D:1      | Noticed an anaconda
    15 | D:1      | Reached XP level 2. HP: 32/32 MP: 2/2
   191 | D:2      | Reached XP level 3. HP: 37/39 MP: 3/3
   450 | D:3      | Reached skill level 1 in Throwing
   502 | D:3      | Found a snail-covered altar of Cheibriados.
   595 | D:4      | Noticed casual's ghost (average OpFi)
   602 | D:5      | Entered Level 5 of the Dungeon
   636 | D:5      | Reached XP level 4. HP: 43/48 MP: 4/4
   859 | D:4      | Killed casual's ghost
   859 | D:4      | Reached skill level 7 in Maces & Flails
   859 | D:4      | Reached XP level 5. HP: 40/54 MP: 5/5
   859 | D:4      | Reached XP level 6. HP: 45/62 MP: 6/6
   899 | D:4      | Noticed Blork the orc
   908 | D:4      | Gained mutation: You passively map a small area around you. [potion of mutation]
   908 | D:4      | Gained mutation: You have a very fast metabolism. [potion of mutation]
   910 | D:4      | Paralysed by a potion of paralysis for 4 turns
   910 | D:4      | HP: 2/62 [Blork the orc/glowing mace (8)]
   911 | D:4      | Slain by Blork the orc

Action                   |  1- 3 |  4- 6 || total
-------------------------+-------+-------++-------
Melee: Flail             |    90 |    34 ||   124
Throw: Javelin           |     3 |     8 ||    11
  Use: Potion            |       |     2 ||     2
